[ PARTIDA AOE2 · #489438186 ]
UnrankedGeorgianos vs Koreans
[ ANÁLISIS DE REPETICIÓN · EXTRAÍDO DE LA PARTIDA GRABADA ]
Feudal
13:51
Castillos
18:19
Imperial
37:09
| APM promedio | 26.2 |
| APM pico | 88 |
| eAPM promedio | 13.8 |
| Aldeanos / militares | 127 / 382 |
Foco
⚔️ 41.0% · 🌾 59.0%
Monaspa ×372 · Fishing Ship ×5 · Trebuchet (Packed) ×5 · Spearman ×2 · Demolition Raft ×2 · Monk ×1
Feudal
15:47
Castillos
21:47
Imperial
33:01
| APM promedio | 47.9 |
| APM pico | 110 |
| eAPM promedio | 24.7 |
| Aldeanos / militares | 112 / 180 |
Foco
⚔️ 30.5% · 🌾 69.5%
Fire Lancer ×124 · Fishing Ship ×40 · Galley ×30 · Bombard Cannon ×16 · Cannon Galleon ×10
Feudal
13:34
Castillos
18:37
Imperial
52:19
| APM promedio | 24.5 |
| APM pico | 49 |
| eAPM promedio | 15.0 |
| Aldeanos / militares | 109 / 53 |
Foco
⚔️ 20.9% · 🌾 79.1%
Knight ×40 · Fishing Ship ×13 · Scout Cavalry ×12 · Monk ×1
Feudal
12:15
Castillos
19:45
Imperial
30:25
| APM promedio | 23.7 |
| APM pico | 59 |
| eAPM promedio | 15.4 |
| Aldeanos / militares | 164 / 203 |
Foco
⚔️ 38.3% · 🌾 61.7%
Fire Lancer ×132 · Rattan Archer ×51 · Bombard Cannon ×15 · Fishing Ship ×11 · Trebuchet (Packed) ×5
Feudal
14:55
Castillos
18:34
Imperial
32:36
| APM promedio | 30.0 |
| APM pico | 112 |
| eAPM promedio | 20.4 |
| Aldeanos / militares | 111 / 140 |
Foco
⚔️ 31.2% · 🌾 68.8%
Knight ×100 · Obuch ×32 · Trebuchet (Packed) ×7 · Fishing Ship ×4 · Unknown (2626) ×2 · Monk ×1
Feudal
14:46
Castillos
20:14
Imperial
42:53
| APM promedio | 34.1 |
| APM pico | 97 |
| eAPM promedio | 17.4 |
| Aldeanos / militares | 156 / 64 |
Foco
⚔️ 27.1% · 🌾 72.9%
Conquistador ×40 · Fishing Ship ×35 · Spearman ×20 · Galley ×2 · Trebuchet (Packed) ×2
Feudal
12:31
Castillos
16:52
Imperial
48:01
| APM promedio | 52.1 |
| APM pico | 109 |
| eAPM promedio | 28.3 |
| Aldeanos / militares | 189 / 145 |
Foco
⚔️ 46.0% · 🌾 54.0%
Mangudai ×129 · Battering Ram ×16 · Fishing Ship ×3
Feudal
14:38
Castillos
20:41
Imperial
31:22
| APM promedio | 15.7 |
| APM pico | 52 |
| eAPM promedio | 9.4 |
| Aldeanos / militares | 49 / 6 |
Foco
⚔️ 35.8% · 🌾 64.2%
Fishing Ship ×9 · Skirmisher ×3 · Fire Galley ×2 · Trebuchet (Packed) ×1
Mapa de la partida
Recursos iniciales + cada clic de construcción. Líneas = muros · curvas = relieve. ◆ oro · ⬟ piedra · ● bayas · ✦ reliquia · ◌ hueco del cierre
Tu base· Abierta — flanco sin cerrar
Base de acua· Abierta — hueco de 14t
Base de Camagroc· Abierta — hueco de 12t
Base de Fogie· Abierta — hueco de 15t
Base de wayneidriss· Abierta — hueco de 7t
Base de Dr4con· Abierta — flanco sin cerrar
Base de |AT| Gorkha· Abierta — hueco de 8t
Base de Last Pick or Random· Abierta — flanco sin cerrar
Terreno inicial suavizado · ◌ = hueco del cierre detectado · pasá el cursor para detalles
Inputs por minuto
— [AJJRR] Minillop - - acua
Build order — [AJJRR] Minillop
Primeras 150 de 322 acciones detectadas
| 0:12 | Construir | Town Center |
| 0:52 | Construir | House |
| 1:02 | Construir | Dock |
| 2:40 | Crear | Villager (Male) |
| 2:40 | Crear | Villager (Male) |
| 2:41 | Crear | Villager (Male) |
| 2:41 | Crear | Villager (Male) |
| 2:41 | Crear | Villager (Male) |
| 3:47 | Crear | Fishing Ship |
| 4:24 | Crear | Villager (Male) |
| 4:24 | Crear | Villager (Male) |
| 4:36 | Construir | House |
| 4:48 | Crear | Villager (Male) |
| 4:49 | Crear | Villager (Male) |
| 5:18 | Crear | Villager (Male) |
| 5:27 | Crear | Fishing Ship |
| 5:49 | Crear | Villager (Male) |
| 5:49 | Crear | Villager (Male) |
| 6:16 | Crear | Villager (Male) |
| 6:16 | Crear | Villager (Male) |
| 6:16 | Crear | Villager (Male) |
| 6:24 | Construir | House |
| 7:01 | Investigar | Loom |
| 7:01 | Crear | Villager (Male) |
| 7:04 | Crear | Fishing Ship |
| 7:25 | Crear | Villager (Male) |
| 7:25 | Crear | Villager (Male) |
| 7:25 | Crear | Villager (Male) |
| 7:25 | Crear | Villager (Male) |
| 7:47 | Crear | Villager (Male) |
| 7:47 | Crear | Villager (Male) |
| 7:47 | Crear | Villager (Male) |
| 8:12 | Construir | House |
| 8:17 | Crear | Villager (Male) |
| 9:13 | Construir | House |
| 9:20 | Crear | Villager (Male) |
| 9:21 | Crear | Villager (Male) |
| 10:03 | Crear | Villager (Male) |
| 10:33 | Crear | Villager (Male) |
| 10:33 | Crear | Villager (Male) |
| 10:41 | Construir | Mill |
| 10:52 | Investigar | Feudal Age |
| 12:13 | Construir | House |
| 12:46 | Construir | Outpost |
| 12:53 | Crear | Villager (Male) |
| 12:55 | Crear | Villager (Male) |
| 13:10 | Construir | Mule Cart |
| 13:51 | Edad | Edad Feudal |
| 14:00 | Construir | Blacksmith |
| 14:08 | Construir | Market |
| 14:15 | Crear | Villager (Male) |
| 14:32 | Construir | House |
| 14:34 | Construir | House |
| 14:38 | Construir | House |
| 15:10 | Construir | Dock |
| 15:40 | Investigar | Castle Age |
| 15:55 | Crear | Demolition Raft |
| 15:58 | Crear | Fishing Ship |
| 16:33 | Construir | House |
| 16:36 | Construir | House |
| 16:38 | Construir | House |
| 16:39 | Construir | House |
| 16:55 | Construir | Gate |
| 17:19 | Investigar | Horse Collar |
| 17:20 | Investigar | Double-Bit Axe |
| 17:30 | Crear | Demolition Raft |
| 17:32 | Crear | Fishing Ship |
| 18:04 | Crear | Villager (Male) |
| 18:05 | Crear | Villager (Male) |
| 18:19 | Edad | Edad de los Castillos |
| 18:35 | Construir | Barracks |
| 18:57 | Crear | Spearman |
| 18:58 | Crear | Spearman |
| 19:16 | Construir | Outpost |
| 19:19 | Investigar | Town Watch |
| 19:34 | Construir | Castle |
| 19:55 | Crear | Villager (Male) |
| 19:55 | Crear | Villager (Male) |
| 20:07 | Crear | Villager (Male) |
| 20:07 | Crear | Villager (Male) |
| 20:30 | Construir | Town Center |
| 21:09 | Crear | Monaspa |
| 21:10 | Crear | Monaspa |
| 21:22 | Crear | Villager (Male) |
| 21:47 | Crear | Monaspa |
| 21:58 | Construir | Farm |
| 22:02 | Construir | Farm |
| 22:04 | Construir | Farm |
| 22:09 | Construir | Farm |
| 22:19 | Crear | Monaspa |
| 22:19 | Crear | Monaspa |
| 22:25 | Crear | Villager (Male) |
| 22:30 | Crear | Villager (Male) ×4 |
| 23:01 | Construir | House |
| 23:25 | Investigar | Wheelbarrow |
| 23:30 | Investigar | Fletching |
| 23:41 | Construir | Farm |
| 23:42 | Construir | Farm |
| 23:42 | Construir | Farm |
| 23:42 | Construir | Farm |
| 23:42 | Construir | Farm |
| 24:47 | Crear | Villager (Male) ×2 |
| 25:08 | Crear | Villager (Male) ×3 |
| 26:02 | Crear | Villager (Male) ×4 |
| 26:05 | Construir | Farm |
| 26:09 | Investigar | Heavy Plow |
| 26:27 | Construir | Farm |
| 26:27 | Construir | Farm |
| 26:27 | Construir | Farm |
| 26:27 | Construir | Farm |
| 26:27 | Construir | Farm |
| 26:28 | Construir | Farm |
| 26:28 | Construir | Farm |
| 26:44 | Construir | Town Center |
| 27:10 | Crear | Villager (Male) ×5 |
| 27:10 | Crear | Villager (Male) ×5 |
| 27:30 | Investigar | Bow Saw |
| 27:41 | Construir | Castle |
| 27:55 | Crear | Villager (Male) ×2 |
| 27:57 | Crear | Villager (Male) |
| 27:57 | Crear | Villager (Male) |
| 28:08 | Crear | Villager (Male) ×2 |
| 28:08 | Crear | Villager (Male) ×2 |
| 28:19 | Crear | Villager (Male) |
| 28:19 | Crear | Villager (Male) |
| 28:24 | Crear | Villager (Male) |
| 28:24 | Crear | Villager (Male) |
| 28:36 | Construir | Mill |
| 28:44 | Construir | Farm |
| 28:44 | Construir | Farm |
| 28:44 | Construir | Farm |
| 28:45 | Construir | Farm |
| 28:45 | Construir | Farm |
| 28:55 | Construir | Mule Cart |
| 29:10 | Crear | Villager (Male) ×4 |
| 29:29 | Crear | Villager (Male) |
| 29:38 | Construir | Monastery |
| 29:59 | Construir | Monastery |
| 30:02 | Crear | Villager (Male) ×5 |
| 30:03 | Crear | Villager (Male) |
| 30:09 | Crear | Monk |
| 30:18 | Construir | Farm |
| 30:18 | Construir | Farm |
| 30:19 | Construir | Farm |
| 30:22 | Crear | Villager (Male) ×4 |
| 30:23 | Crear | Villager (Male) |
| 30:24 | Crear | Villager (Male) |
| 30:54 | Construir | Stable |
| 31:07 | Construir | University |
| 31:24 | Investigar | Hand Cart |
Build order — acua
Primeras 150 de 574 acciones detectadas
| 0:48 | Construir | Town Center |
| 2:33 | Construir | House |
| 3:05 | Crear | Villager (Male) |
| 3:05 | Crear | Villager (Male) |
| 3:05 | Crear | Villager (Male) |
| 3:05 | Crear | Villager (Male) |
| 3:05 | Crear | Villager (Male) |
| 3:06 | Crear | Villager (Male) |
| 4:00 | Construir | Dock |
| 4:41 | Crear | Fishing Ship |
| 4:42 | Crear | Fishing Ship |
| 4:52 | Crear | Villager (Male) |
| 4:52 | Crear | Villager (Male) |
| 5:29 | Crear | Villager (Male) |
| 5:29 | Crear | Villager (Male) |
| 5:29 | Crear | Villager (Male) |
| 5:31 | Construir | House |
| 5:45 | Crear | Villager (Male) |
| 5:46 | Crear | Villager (Male) |
| 6:07 | Crear | Villager (Male) |
| 6:08 | Crear | Villager (Male) |
| 6:37 | Crear | Villager (Male) |
| 6:37 | Crear | Villager (Male) |
| 6:44 | Crear | Fishing Ship |
| 6:44 | Crear | Fishing Ship |
| 7:06 | Crear | Villager (Male) |
| 7:06 | Crear | Villager (Male) |
| 7:16 | Construir | House |
| 7:25 | Crear | Villager (Male) |
| 7:25 | Crear | Villager (Male) |
| 7:42 | Investigar | Loom |
| 7:52 | Crear | Fishing Ship |
| 7:52 | Crear | Fishing Ship |
| 7:58 | Construir | House |
| 8:01 | Construir | House |
| 8:09 | Crear | Villager (Male) |
| 8:10 | Crear | Villager (Male) |
| 8:10 | Crear | Villager (Male) |
| 8:24 | Crear | Villager (Male) |
| 8:25 | Crear | Villager (Male) |
| 8:36 | Crear | Fishing Ship |
| 8:37 | Crear | Fishing Ship |
| 8:52 | Crear | Villager (Male) |
| 8:52 | Crear | Villager (Male) |
| 9:05 | Crear | Fishing Ship |
| 9:10 | Investigar | Loom |
| 9:25 | Crear | Villager (Male) |
| 9:31 | Crear | Fishing Ship |
| 9:31 | Crear | Fishing Ship |
| 9:44 | Crear | Villager (Male) |
| 10:06 | Crear | Fishing Ship |
| 10:19 | Crear | Villager (Male) |
| 10:41 | Crear | Villager (Male) |
| 10:52 | Construir | Dock |
| 10:56 | Construir | House |
| 11:04 | Crear | Fishing Ship |
| 11:06 | Crear | Villager (Male) |
| 11:35 | Crear | Fishing Ship |
| 11:35 | Crear | Fishing Ship |
| 11:37 | Crear | Villager (Male) |
| 11:59 | Crear | Villager (Male) |
| 12:27 | Crear | Fishing Ship |
| 12:30 | Crear | Fishing Ship |
| 12:45 | Construir | House |
| 12:52 | Crear | Villager (Male) |
| 13:01 | Construir | Lumber Camp |
| 13:19 | Investigar | Feudal Age |
| 13:19 | Investigar | Feudal Age |
| 13:22 | Construir | Mill |
| 13:36 | Crear | Fishing Ship |
| 13:46 | Construir | House |
| 14:23 | Construir | Lumber Camp |
| 14:26 | Crear | Villager (Male) |
| 14:30 | Crear | Fishing Ship |
| 14:56 | Crear | Fishing Ship |
| 15:13 | Construir | Lumber Camp |
| 15:47 | Edad | Edad Feudal |
| 15:49 | Investigar | Wheelbarrow |
| 15:49 | Investigar | Town Watch |
| 15:50 | Investigar | Town Watch |
| 15:51 | Investigar | Double-Bit Axe |
| 15:51 | Investigar | Double-Bit Axe |
| 16:00 | Construir | Dock |
| 16:17 | Construir | House |
| 16:18 | Construir | House |
| 16:19 | Construir | House |
| 16:21 | Construir | House |
| 16:27 | Crear | Galley |
| 16:28 | Crear | Galley |
| 16:28 | Crear | Galley |
| 16:28 | Crear | Galley |
| 16:37 | Crear | Villager (Male) |
| 16:56 | Construir | Market |
| 17:01 | Crear | Galley |
| 17:02 | Crear | Galley |
| 17:02 | Crear | Galley |
| 17:24 | Crear | Galley |
| 17:25 | Crear | Galley |
| 17:30 | Crear | Villager (Male) |
| 17:45 | Construir | House |
| 17:45 | Construir | House |
| 17:45 | Construir | House |
| 17:58 | Construir | Blacksmith |
| 18:09 | Crear | Galley |
| 18:09 | Crear | Galley |
| 18:22 | Crear | Villager (Male) |
| 18:42 | Construir | Dock |
| 19:01 | Investigar | Castle Age |
| 19:01 | Investigar | Castle Age |
| 19:05 | Crear | Galley |
| 19:05 | Crear | Galley |
| 19:15 | Construir | Dock |
| 19:17 | Construir | House |
| 19:18 | Construir | House |
| 19:22 | Crear | Villager (Male) |
| 19:49 | Crear | Galley |
| 19:50 | Crear | Galley |
| 19:56 | Investigar | Tech 906 |
| 20:06 | Construir | Watch Tower |
| 20:08 | Construir | Mining Camp |
| 20:14 | Construir | Mining Camp |
| 20:19 | Crear | Fishing Ship |
| 20:19 | Crear | Fishing Ship |
| 20:53 | Investigar | Fletching |
| 20:55 | Investigar | Gold Mining |
| 21:00 | Investigar | Stone Mining |
| 21:10 | Crear | Fishing Ship |
| 21:11 | Crear | Fishing Ship |
| 21:11 | Crear | Fishing Ship |
| 21:40 | Crear | Galley |
| 21:41 | Crear | Galley |
| 21:41 | Crear | Galley |
| 21:47 | Edad | Edad de los Castillos |
| 21:57 | Crear | Villager (Male) |
| 22:02 | Investigar | Bow Saw |
| 22:02 | Investigar | Bow Saw |
| 22:17 | Investigar | War Galley (upgrade) |
| 22:19 | Crear | Villager (Male) |
| 22:20 | Crear | Villager (Male) |
| 22:47 | Crear | Villager (Male) |
| 23:14 | Investigar | Bodkin Arrow |
| 23:15 | Investigar | Bodkin Arrow |
| 23:38 | Crear | Fishing Ship |
| 23:38 | Crear | Fishing Ship |
| 23:38 | Crear | Fishing Ship |
| 23:41 | Crear | Villager (Male) |
| 23:50 | Investigar | Gillnets |
| 23:51 | Crear | Fishing Ship |
| 23:51 | Crear | Fishing Ship |
| 23:51 | Crear | Fishing Ship |
Build order — Camagroc
Primeras 150 de 296 acciones detectadas
| 1:22 | Construir | Town Center |
| 2:55 | Construir | House |
| 3:35 | Construir | Dock |
| 3:41 | Crear | Villager (Male) |
| 3:41 | Crear | Villager (Male) |
| 3:41 | Crear | Villager (Male) |
| 3:41 | Crear | Villager (Male) |
| 3:42 | Crear | Villager (Male) |
| 3:43 | Crear | Villager (Male) |
| 4:16 | Crear | Fishing Ship |
| 4:17 | Crear | Fishing Ship |
| 5:28 | Crear | Villager (Male) |
| 5:29 | Crear | Villager (Male) |
| 5:29 | Crear | Villager (Male) |
| 6:00 | Construir | House |
| 6:05 | Investigar | Loom |
| 6:09 | Crear | Villager (Male) |
| 6:40 | Crear | Villager (Male) |
| 6:49 | Crear | Fishing Ship |
| 6:49 | Crear | Fishing Ship |
| 7:14 | Crear | Villager (Male) |
| 7:15 | Crear | Villager (Male) |
| 7:15 | Crear | Villager (Male) |
| 7:52 | Construir | House |
| 7:56 | Crear | Fishing Ship |
| 7:56 | Crear | Fishing Ship |
| 8:06 | Crear | Villager (Male) |
| 8:06 | Crear | Villager (Male) |
| 8:35 | Crear | Villager (Male) |
| 8:36 | Crear | Villager (Male) |
| 8:36 | Crear | Villager (Male) |
| 8:36 | Crear | Villager (Male) |
| 9:02 | Crear | Fishing Ship |
| 9:03 | Crear | Fishing Ship |
| 9:35 | Construir | House |
| 10:05 | Construir | Mill |
| 10:25 | Crear | Villager (Male) |
| 10:25 | Crear | Villager (Male) |
| 10:32 | Crear | Fishing Ship |
| 10:32 | Crear | Fishing Ship |
| 11:21 | Construir | House |
| 11:26 | Crear | Villager (Male) |
| 11:26 | Crear | Villager (Male) |
| 11:29 | Investigar | Feudal Age |
| 12:28 | Construir | Barracks |
| 12:36 | Crear | Villager (Male) |
| 12:37 | Crear | Villager (Male) |
| 13:34 | Edad | Edad Feudal |
| 14:12 | Construir | Stable |
| 14:31 | Investigar | Town Watch |
| 15:19 | Construir | Blacksmith |
| 15:25 | Crear | Villager (Male) |
| 15:25 | Crear | Villager (Male) |
| 15:28 | Crear | Villager (Male) |
| 15:49 | Crear | Fishing Ship |
| 16:10 | Investigar | Castle Age |
| 16:10 | Investigar | Castle Age |
| 17:25 | Crear | Villager (Male) |
| 17:26 | Crear | Villager (Male) |
| 17:40 | Construir | Lumber Camp |
| 17:45 | Crear | Villager (Male) |
| 17:51 | Construir | House |
| 18:05 | Investigar | Tech 906 |
| 18:12 | Investigar | Horse Collar |
| 18:19 | Investigar | Double-Bit Axe |
| 18:19 | Investigar | Double-Bit Axe |
| 18:37 | Edad | Edad de los Castillos |
| 19:18 | Construir | Town Center |
| 19:37 | Crear | Villager (Male) |
| 19:38 | Crear | Villager (Male) |
| 19:41 | Investigar | Wheelbarrow |
| 19:51 | Construir | House |
| 20:05 | Investigar | Bow Saw |
| 20:32 | Crear | Fishing Ship |
| 20:32 | Crear | Fishing Ship |
| 20:36 | Crear | Villager (Male) |
| 20:36 | Crear | Villager (Male) |
| 20:38 | Crear | Villager (Male) |
| 20:39 | Crear | Villager (Male) |
| 21:14 | Construir | House |
| 21:29 | Construir | Farm |
| 21:32 | Investigar | Heavy Plow |
| 21:38 | Construir | Farm |
| 21:43 | Construir | House |
| 21:50 | Crear | Villager (Male) |
| 21:50 | Crear | Villager (Male) |
| 22:00 | Investigar | Husbandry |
| 22:01 | Investigar | Bloodlines |
| 22:07 | Crear | Villager (Male) |
| 22:14 | Construir | Monastery |
| 22:25 | Construir | Farm |
| 22:27 | Construir | Farm |
| 22:28 | Construir | Farm |
| 22:34 | Crear | Villager (Male) |
| 22:34 | Crear | Villager (Male) |
| 23:06 | Investigar | Fletching |
| 23:29 | Construir | Town Center |
| 23:49 | Investigar | Bodkin Arrow |
| 23:54 | Construir | University |
| 24:04 | Investigar | Light Cavalry (upgrade) |
| 24:38 | Crear | Scout Cavalry |
| 24:38 | Crear | Scout Cavalry |
| 25:01 | Crear | Scout Cavalry |
| 25:01 | Crear | Scout Cavalry |
| 25:09 | Investigar | Scale Barding Armor |
| 25:33 | Crear | Villager (Male) |
| 25:34 | Crear | Villager (Male) |
| 25:34 | Crear | Villager (Male) |
| 25:54 | Investigar | Ballistics |
| 25:55 | Crear | Villager (Male) |
| 25:55 | Crear | Villager (Male) |
| 25:59 | Crear | Villager (Male) |
| 25:59 | Crear | Villager (Male) |
| 26:23 | Construir | Stable |
| 26:31 | Construir | Mining Camp |
| 26:37 | Construir | Farm |
| 26:37 | Construir | Farm |
| 26:37 | Construir | Farm |
| 26:37 | Construir | Farm |
| 26:38 | Construir | Farm |
| 26:42 | Crear | Villager (Male) |
| 26:42 | Crear | Villager (Male) |
| 26:42 | Crear | Villager (Male) |
| 27:25 | Crear | Monk |
| 27:40 | Crear | Villager (Male) |
| 27:40 | Crear | Villager (Male) |
| 28:51 | Crear | Villager (Male) |
| 28:51 | Crear | Villager (Male) |
| 28:52 | Crear | Villager (Male) |
| 29:23 | Crear | Scout Cavalry |
| 29:23 | Crear | Scout Cavalry |
| 29:52 | Crear | Villager (Male) |
| 29:52 | Crear | Villager (Male) |
| 29:53 | Crear | Villager (Male) |
| 30:06 | Crear | Knight |
| 30:06 | Crear | Knight |
| 30:30 | Construir | Farm |
| 30:31 | Construir | Farm |
| 30:31 | Construir | Farm |
| 30:31 | Construir | Farm |
| 30:31 | Construir | Farm |
| 30:32 | Construir | Farm |
| 31:15 | Crear | Villager (Male) |
| 31:17 | Crear | Villager (Male) |
| 31:17 | Crear | Villager (Male) |
| 31:17 | Crear | Villager (Male) |
| 31:18 | Crear | Villager (Male) |
| 31:44 | Crear | Scout Cavalry |
| 31:44 | Crear | Scout Cavalry |
| 32:17 | Construir | Castle |
Build order — Fogie
Primeras 150 de 550 acciones detectadas
| 0:13 | Construir | Town Center |
| 0:52 | Construir | Dock |
| 0:56 | Construir | House |
| 1:59 | Construir | Palisade Wall |
| 2:32 | Crear | Villager (Male) |
| 2:33 | Crear | Villager (Male) |
| 2:33 | Crear | Villager (Male) |
| 2:33 | Crear | Villager (Male) |
| 3:44 | Crear | Fishing Ship |
| 4:06 | Crear | Villager (Male) |
| 4:24 | Construir | House |
| 4:36 | Investigar | Loom |
| 4:54 | Crear | Villager (Male) |
| 4:55 | Crear | Villager (Male) |
| 5:17 | Crear | Villager (Male) |
| 5:36 | Crear | Villager (Male) |
| 5:57 | Crear | Villager (Male) |
| 6:00 | Crear | Fishing Ship |
| 6:25 | Construir | House |
| 6:42 | Crear | Villager (Male) |
| 6:42 | Crear | Villager (Male) |
| 6:43 | Crear | Villager (Male) |
| 6:57 | Crear | Fishing Ship |
| 7:06 | Crear | Villager (Male) |
| 7:31 | Crear | Villager (Male) |
| 7:44 | Construir | House |
| 8:08 | Crear | Fishing Ship |
| 8:42 | Crear | Villager (Male) |
| 9:05 | Crear | Villager (Male) |
| 9:17 | Construir | Mining Camp |
| 9:40 | Crear | Villager (Male) |
| 9:59 | Investigar | Feudal Age |
| 10:07 | Crear | Fishing Ship |
| 10:35 | Construir | Dock |
| 10:55 | Construir | House |
| 11:25 | Construir | Lumber Camp |
| 11:38 | Construir | House |
| 11:49 | Crear | Villager (Male) |
| 11:55 | Crear | Fishing Ship |
| 11:56 | Crear | Fishing Ship |
| 12:15 | Edad | Edad Feudal |
| 12:18 | Investigar | Double-Bit Axe |
| 12:21 | Investigar | Gold Mining |
| 12:31 | Crear | Fishing Ship |
| 12:46 | Crear | Villager (Male) |
| 13:01 | Construir | Dock |
| 13:06 | Investigar | Tech 906 |
| 13:15 | Crear | Fishing Ship |
| 13:15 | Crear | Fishing Ship |
| 13:17 | Crear | Fishing Ship |
| 13:29 | Crear | Villager (Male) |
| 13:38 | Construir | House |
| 13:44 | Crear | Villager (Male) |
| 13:51 | Construir | Mill |
| 14:07 | Construir | Palisade Wall |
| 14:23 | Crear | Villager (Male) |
| 14:34 | Construir | Market |
| 14:39 | Crear | Villager (Male) |
| 14:50 | Construir | House |
| 14:54 | Construir | Palisade Wall |
| 15:02 | Crear | Villager (Male) |
| 15:26 | Crear | Villager (Male) |
| 15:34 | Construir | House |
| 15:36 | Construir | House |
| 15:44 | Crear | Villager (Male) |
| 16:23 | Construir | Dock |
| 16:29 | Crear | Villager (Male) |
| 16:37 | Construir | Blacksmith |
| 17:05 | Investigar | Castle Age |
| 17:16 | Construir | Mining Camp |
| 17:34 | Construir | Lumber Camp |
| 17:37 | Investigar | Stone Mining |
| 17:42 | Investigar | Fletching |
| 18:34 | Construir | Mining Camp |
| 18:45 | Crear | Villager (Male) |
| 18:45 | Crear | Villager (Male) |
| 19:45 | Edad | Edad de los Castillos |
| 19:56 | Construir | Castle |
| 20:02 | Investigar | Bow Saw |
| 20:15 | Construir | Town Center |
| 20:20 | Investigar | Bodkin Arrow |
| 20:22 | Crear | Villager (Male) |
| 20:42 | Construir | Town Center |
| 20:46 | Crear | Villager (Male) |
| 21:06 | Crear | Villager (Male) |
| 21:10 | Crear | Villager (Male) |
| 21:10 | Crear | Villager (Male) |
| 21:42 | Investigar | Horse Collar |
| 21:43 | Crear | Villager (Male) |
| 21:44 | Crear | Villager (Male) |
| 22:06 | Crear | Villager (Male) |
| 22:07 | Crear | Villager (Male) |
| 22:10 | Crear | Villager (Male) |
| 22:26 | Construir | Farm |
| 22:28 | Construir | Farm |
| 22:30 | Construir | Farm |
| 22:31 | Crear | Villager (Male) |
| 22:38 | Crear | Villager (Male) |
| 22:45 | Crear | Rattan Archer |
| 22:47 | Crear | Rattan Archer |
| 22:50 | Crear | Villager (Male) |
| 23:00 | Construir | Farm |
| 23:09 | Construir | Farm |
| 23:11 | Crear | Villager (Male) |
| 23:15 | Crear | Villager (Male) |
| 23:32 | Construir | Farm |
| 23:33 | Construir | Farm |
| 23:51 | Crear | Villager (Male) |
| 23:57 | Construir | Farm |
| 23:59 | Construir | Farm |
| 24:05 | Crear | Villager (Male) |
| 24:05 | Crear | Villager (Male) |
| 24:07 | Crear | Villager (Male) |
| 24:07 | Crear | Villager (Male) |
| 24:11 | Crear | Villager (Male) |
| 24:11 | Crear | Villager (Male) |
| 24:22 | Construir | Castle |
| 24:34 | Crear | Villager (Male) |
| 24:34 | Crear | Villager (Male) |
| 24:45 | Crear | Villager (Male) |
| 24:47 | Crear | Villager (Male) |
| 24:49 | Construir | Farm |
| 24:51 | Construir | Farm |
| 24:54 | Construir | House |
| 24:54 | Construir | House |
| 25:06 | Construir | Farm |
| 25:13 | Crear | Villager (Male) |
| 25:42 | Investigar | Wheelbarrow |
| 25:48 | Crear | Villager (Male) |
| 25:49 | Crear | Villager (Male) |
| 26:09 | Construir | Town Center |
| 26:15 | Crear | Villager (Male) |
| 26:16 | Crear | Villager (Male) |
| 26:20 | Construir | House |
| 26:21 | Construir | House |
| 26:29 | Construir | Farm |
| 26:30 | Construir | Farm |
| 26:35 | Construir | Farm |
| 26:41 | Crear | Villager (Male) |
| 26:46 | Crear | Villager (Male) |
| 27:15 | Investigar | Imperial Age |
| 27:21 | Crear | Villager (Male) |
| 27:22 | Crear | Villager (Male) |
| 27:32 | Construir | Town Center |
| 27:37 | Investigar | Stone Shaft Mining |
| 27:38 | Crear | Villager (Male) |
| 27:42 | Crear | Villager (Male) |
| 27:42 | Crear | Villager (Male) |
| 27:47 | Crear | Villager (Male) |
| 27:47 | Crear | Villager (Male) |
Build order — wayneidriss
Primeras 150 de 459 acciones detectadas
| 0:07 | Construir | Town Center |
| 1:42 | Construir | House |
| 1:44 | Construir | House |
| 2:30 | Crear | Villager (Male) |
| 2:30 | Crear | Villager (Male) |
| 2:30 | Crear | Villager (Male) |
| 2:30 | Crear | Villager (Male) |
| 2:31 | Crear | Villager (Male) |
| 3:07 | Investigar | Loom |
| 3:22 | Crear | Villager (Male) |
| 3:23 | Crear | Villager (Male) |
| 3:23 | Crear | Villager (Male) |
| 4:18 | Construir | Dock |
| 4:45 | Crear | Villager (Male) |
| 4:59 | Crear | Fishing Ship |
| 5:08 | Crear | Villager (Male) |
| 5:09 | Crear | Villager (Male) |
| 5:42 | Crear | Villager (Male) |
| 5:43 | Crear | Villager (Male) |
| 6:17 | Construir | House |
| 6:33 | Construir | House |
| 6:53 | Crear | Villager (Male) |
| 6:53 | Crear | Villager (Male) |
| 6:53 | Crear | Villager (Male) |
| 7:03 | Crear | Villager (Male) |
| 7:17 | Crear | Fishing Ship |
| 8:35 | Crear | Villager (Male) |
| 8:35 | Crear | Villager (Male) |
| 8:35 | Crear | Villager (Male) |
| 8:36 | Crear | Villager (Male) |
| 9:01 | Crear | Fishing Ship |
| 9:42 | Crear | Fishing Ship |
| 10:13 | Crear | Villager (Male) |
| 10:13 | Crear | Villager (Male) |
| 10:13 | Crear | Villager (Male) |
| 11:20 | Construir | Mill |
| 11:28 | Construir | Mill |
| 11:42 | Construir | Mill |
| 11:56 | Construir | Mill |
| 12:02 | Crear | Villager (Male) |
| 12:02 | Crear | Villager (Male) |
| 12:09 | Crear | Villager (Male) |
| 12:10 | Crear | Villager (Male) |
| 12:25 | Crear | Villager (Male) |
| 12:26 | Investigar | Feudal Age |
| 12:26 | Investigar | Feudal Age |
| 12:30 | Construir | Mining Camp |
| 13:27 | Construir | House |
| 13:28 | Construir | House |
| 13:37 | Construir | House |
| 13:39 | Construir | House |
| 13:41 | Construir | House |
| 13:45 | Crear | Villager (Male) |
| 13:45 | Crear | Villager (Male) |
| 14:53 | Construir | Mining Camp |
| 14:55 | Edad | Edad Feudal |
| 15:00 | Construir | Market |
| 15:05 | Construir | Blacksmith |
| 15:09 | Construir | Palisade Wall |
| 15:26 | Crear | Unit 2626 |
| 15:54 | Investigar | Castle Age |
| 15:55 | Investigar | Castle Age |
| 16:16 | Crear | Unit 2626 |
| 16:52 | Crear | Villager (Male) |
| 17:04 | Construir | Farm |
| 17:04 | Construir | Farm |
| 17:04 | Construir | Farm |
| 17:05 | Construir | Farm |
| 17:05 | Construir | Farm |
| 17:37 | Construir | Lumber Camp |
| 17:47 | Investigar | Horse Collar |
| 18:15 | Investigar | Double-Bit Axe |
| 18:34 | Edad | Edad de los Castillos |
| 18:35 | Construir | Gate |
| 18:36 | Crear | Villager (Male) |
| 18:37 | Crear | Villager (Male) |
| 18:37 | Crear | Villager (Male) |
| 18:44 | Construir | Town Center |
| 18:47 | Crear | Villager (Male) |
| 19:23 | Investigar | Stone Mining |
| 19:30 | Crear | Villager (Male) |
| 19:32 | Investigar | Wheelbarrow |
| 20:19 | Construir | Town Center |
| 20:22 | Crear | Villager (Male) |
| 20:22 | Crear | Villager (Male) |
| 20:22 | Crear | Villager (Male) |
| 20:24 | Crear | Villager (Male) |
| 20:38 | Construir | Monastery |
| 21:07 | Crear | Villager (Male) |
| 21:21 | Crear | Villager (Male) |
| 21:24 | Crear | Monk |
| 21:47 | Construir | Castle |
| 22:03 | Crear | Villager (Male) |
| 22:03 | Crear | Villager (Male) |
| 22:06 | Crear | Villager (Male) |
| 22:16 | Construir | Farm |
| 22:21 | Construir | Farm |
| 22:23 | Construir | Farm |
| 22:31 | Construir | Mining Camp |
| 22:35 | Construir | Farm |
| 22:36 | Construir | Farm |
| 22:36 | Construir | Farm |
| 22:36 | Construir | Farm |
| 22:45 | Crear | Villager (Male) |
| 22:46 | Crear | Villager (Male) |
| 22:46 | Crear | Villager (Male) |
| 22:46 | Crear | Villager (Male) |
| 22:47 | Crear | Villager (Male) |
| 22:47 | Crear | Villager (Male) |
| 22:47 | Crear | Villager (Male) |
| 22:53 | Construir | House |
| 23:09 | Crear | Villager (Male) |
| 23:09 | Crear | Villager (Male) |
| 23:26 | Crear | Villager (Male) |
| 23:46 | Construir | Mill |
| 23:47 | Construir | Farm |
| 23:47 | Construir | Farm |
| 23:48 | Construir | Farm |
| 23:48 | Construir | Farm |
| 23:55 | Construir | Stone Wall |
| 24:04 | Construir | Stone Wall |
| 24:06 | Crear | Villager (Male) |
| 24:10 | Crear | Villager (Male) |
| 24:11 | Crear | Villager (Male) |
| 24:22 | Crear | Villager (Male) |
| 24:23 | Crear | Villager (Male) |
| 24:33 | Construir | Farm |
| 24:33 | Construir | Farm |
| 24:48 | Crear | Villager (Male) |
| 24:48 | Crear | Villager (Male) |
| 25:08 | Construir | Farm |
| 25:08 | Construir | Farm |
| 25:09 | Construir | Farm |
| 25:09 | Crear | Villager (Male) |
| 25:10 | Crear | Villager (Male) |
| 25:21 | Crear | Villager (Male) |
| 25:55 | Construir | Castle |
| 26:00 | Crear | Villager (Male) |
| 26:01 | Crear | Villager (Male) |
| 26:02 | Crear | Villager (Male) |
| 26:02 | Crear | Villager (Male) |
| 26:12 | Construir | Stone Wall |
| 26:14 | Crear | Villager (Male) |
| 26:21 | Crear | Villager (Male) |
| 26:22 | Crear | Villager (Male) |
| 26:22 | Crear | Villager (Male) |
| 26:22 | Crear | Villager (Male) |
| 26:31 | Construir | House |
| 26:31 | Construir | House |
| 26:31 | Construir | House |
Build order — Dr4con
Primeras 150 de 381 acciones detectadas
| 0:19 | Construir | Town Center |
| 1:02 | Construir | Dock |
| 1:06 | Construir | House |
| 1:16 | Construir | Palisade Wall |
| 1:29 | Construir | Palisade Wall |
| 2:02 | Construir | Palisade Wall |
| 2:12 | Construir | Palisade Wall |
| 2:19 | Construir | Palisade Wall |
| 2:28 | Construir | Palisade Wall |
| 2:34 | Construir | Palisade Wall |
| 2:49 | Construir | Palisade Wall |
| 2:51 | Construir | Palisade Wall |
| 2:53 | Construir | Palisade Wall |
| 2:53 | Construir | Palisade Wall |
| 2:56 | Crear | Villager (Male) |
| 2:56 | Crear | Villager (Male) |
| 2:56 | Crear | Villager (Male) |
| 3:46 | Crear | Villager (Male) |
| 3:47 | Crear | Villager (Male) |
| 4:32 | Crear | Fishing Ship |
| 4:44 | Construir | Palisade Wall |
| 4:45 | Construir | Palisade Wall |
| 4:46 | Construir | Palisade Wall |
| 4:46 | Construir | Palisade Wall |
| 5:16 | Crear | Villager (Male) |
| 5:17 | Crear | Villager (Male) |
| 5:17 | Crear | Villager (Male) |
| 5:28 | Investigar | Loom |
| 5:52 | Crear | Villager (Male) |
| 6:00 | Construir | House |
| 6:16 | Crear | Villager (Male) |
| 6:51 | Crear | Villager (Male) |
| 7:00 | Crear | Fishing Ship |
| 7:29 | Construir | Palisade Wall |
| 7:36 | Construir | Palisade Wall |
| 7:45 | Construir | Palisade Wall |
| 7:58 | Crear | Villager (Male) |
| 7:58 | Crear | Villager (Male) |
| 7:58 | Crear | Villager (Male) |
| 8:38 | Construir | House |
| 8:55 | Construir | Mill |
| 9:03 | Crear | Villager (Male) |
| 9:04 | Crear | Villager (Male) |
| 9:22 | Crear | Villager (Male) |
| 9:26 | Crear | Fishing Ship |
| 9:26 | Crear | Fishing Ship |
| 9:26 | Crear | Fishing Ship |
| 10:03 | Crear | Villager (Male) |
| 10:03 | Crear | Villager (Male) |
| 10:28 | Construir | House |
| 10:30 | Crear | Villager (Male) |
| 11:10 | Crear | Villager (Male) |
| 11:52 | Crear | Villager (Male) |
| 12:10 | Crear | Fishing Ship |
| 12:36 | Investigar | Feudal Age |
| 12:36 | Investigar | Feudal Age |
| 13:01 | Construir | House |
| 13:21 | Crear | Fishing Ship |
| 14:46 | Edad | Edad Feudal |
| 14:47 | Crear | Galley |
| 14:47 | Crear | Galley |
| 15:10 | Crear | Villager (Male) |
| 15:10 | Crear | Villager (Male) |
| 15:14 | Construir | Market |
| 16:28 | Crear | Villager (Male) |
| 16:47 | Construir | Blacksmith |
| 16:51 | Crear | Villager (Male) |
| 17:24 | Construir | Mining Camp |
| 17:34 | Investigar | Castle Age |
| 18:11 | Construir | Mining Camp |
| 20:10 | Crear | Villager (Male) |
| 20:10 | Crear | Villager (Male) |
| 20:14 | Edad | Edad de los Castillos |
| 20:17 | Construir | House |
| 20:31 | Construir | Castle |
| 20:43 | Construir | Lumber Camp |
| 20:50 | Construir | Farm |
| 21:18 | Crear | Villager (Male) |
| 21:25 | Construir | Farm |
| 21:36 | Crear | Conquistador |
| 21:37 | Crear | Conquistador |
| 21:50 | Construir | Farm |
| 21:52 | Crear | Villager (Male) |
| 21:58 | Crear | Conquistador |
| 22:03 | Crear | Villager (Male) |
| 22:22 | Construir | Farm |
| 22:23 | Crear | Villager (Male) |
| 22:44 | Construir | Farm |
| 22:44 | Construir | Farm |
| 23:22 | Crear | Conquistador |
| 23:32 | Crear | Villager (Male) |
| 23:35 | Construir | Farm |
| 23:55 | Crear | Villager (Male) |
| 23:55 | Crear | Conquistador |
| 23:56 | Crear | Conquistador |
| 24:33 | Crear | Conquistador |
| 24:33 | Crear | Conquistador |
| 25:07 | Crear | Villager (Male) |
| 25:34 | Crear | Villager (Male) |
| 26:06 | Crear | Villager (Male) |
| 26:16 | Construir | Town Center |
| 26:21 | Crear | Conquistador |
| 26:22 | Crear | Conquistador |
| 26:43 | Crear | Villager (Male) |
| 26:47 | Crear | Conquistador |
| 26:47 | Crear | Conquistador |
| 27:08 | Construir | Farm |
| 27:09 | Construir | Farm |
| 27:09 | Construir | Farm |
| 27:09 | Construir | Farm |
| 27:09 | Construir | Farm |
| 27:10 | Construir | Farm |
| 27:24 | Crear | Villager (Male) |
| 27:25 | Crear | Villager (Male) |
| 27:49 | Construir | Farm |
| 27:49 | Construir | Farm |
| 27:49 | Construir | Farm |
| 28:05 | Crear | Villager (Male) |
| 28:24 | Crear | Villager (Male) |
| 28:37 | Crear | Villager (Male) |
| 28:50 | Crear | Villager (Male) |
| 28:50 | Crear | Villager (Male) |
| 29:13 | Crear | Conquistador |
| 29:13 | Crear | Conquistador |
| 29:27 | Construir | Dock |
| 29:36 | Crear | Villager (Male) |
| 29:36 | Crear | Villager (Male) |
| 29:37 | Crear | Villager (Male) |
| 29:47 | Crear | Villager (Male) |
| 29:54 | Crear | Conquistador |
| 29:54 | Crear | Conquistador |
| 30:00 | Crear | Conquistador |
| 30:00 | Crear | Conquistador |
| 30:05 | Crear | Villager (Male) |
| 30:52 | Crear | Conquistador |
| 30:53 | Crear | Conquistador |
| 31:14 | Crear | Villager (Male) |
| 31:14 | Crear | Villager (Male) |
| 31:15 | Crear | Villager (Male) |
| 31:17 | Construir | House |
| 31:17 | Construir | House |
| 31:18 | Construir | House |
| 31:21 | Construir | Farm |
| 31:37 | Crear | Fishing Ship |
| 31:45 | Construir | Farm |
| 31:48 | Construir | Farm |
| 31:51 | Investigar | Double-Bit Axe |
| 32:01 | Crear | Villager (Male) |
| 32:02 | Crear | Villager (Male) |
| 32:15 | Construir | House |
Build order — |AT| Gorkha
Primeras 150 de 471 acciones detectadas
| 0:06 | Construir | Town Center |
| 1:11 | Construir | Dock |
| 1:13 | Construir | House |
| 2:28 | Crear | Villager (Male) |
| 2:29 | Crear | Villager (Male) |
| 2:29 | Crear | Villager (Male) |
| 3:16 | Crear | Villager (Male) |
| 4:05 | Crear | Villager (Male) |
| 4:21 | Crear | Fishing Ship |
| 4:25 | Investigar | Loom |
| 4:32 | Crear | Villager (Male) |
| 4:55 | Investigar | Loom |
| 5:17 | Construir | House |
| 5:22 | Crear | Villager (Male) |
| 5:50 | Crear | Villager (Male) |
| 6:09 | Crear | Fishing Ship |
| 6:30 | Crear | Villager (Male) |
| 6:46 | Crear | Villager (Male) |
| 6:50 | Construir | House |
| 7:16 | Crear | Villager (Male) |
| 7:24 | Crear | Fishing Ship |
| 7:44 | Crear | Villager (Male) |
| 7:58 | Construir | Mill |
| 8:07 | Crear | Villager (Male) |
| 8:23 | Crear | Villager (Male) |
| 8:37 | Construir | House |
| 9:01 | Crear | Villager (Male) |
| 9:18 | Crear | Villager (Male) |
| 9:30 | Construir | Mining Camp |
| 9:55 | Crear | Villager (Male) |
| 10:14 | Investigar | Feudal Age |
| 10:57 | Construir | House |
| 11:03 | Construir | House |
| 11:16 | Construir | Mill |
| 11:22 | Construir | House |
| 11:58 | Construir | House |
| 12:10 | Crear | Villager (Male) |
| 12:31 | Edad | Edad Feudal |
| 12:43 | Construir | Market |
| 12:46 | Construir | Blacksmith |
| 12:56 | Crear | Villager (Male) |
| 13:03 | Crear | Villager (Male) |
| 13:34 | Construir | Mining Camp |
| 13:39 | Crear | Villager (Male) |
| 14:12 | Investigar | Castle Age |
| 14:22 | Construir | Outpost |
| 14:32 | Construir | Outpost |
| 14:37 | Construir | Outpost |
| 14:44 | Construir | Lumber Camp |
| 15:12 | Investigar | Fletching |
| 15:15 | Investigar | Gold Mining |
| 15:22 | Investigar | Double-Bit Axe |
| 15:22 | Investigar | Double-Bit Axe |
| 16:03 | Construir | House |
| 16:06 | Construir | House |
| 16:17 | Construir | Outpost |
| 16:51 | Crear | Villager (Male) |
| 16:52 | Edad | Edad de los Castillos |
| 17:06 | Construir | Castle |
| 17:09 | Crear | Villager (Male) |
| 17:46 | Crear | Villager (Male) |
| 18:06 | Investigar | Horse Collar |
| 18:21 | Construir | Farm |
| 18:23 | Construir | Farm |
| 18:26 | Construir | Farm |
| 18:34 | Construir | Outpost |
| 18:36 | Crear | Mangudai |
| 18:37 | Crear | Mangudai |
| 18:37 | Crear | Mangudai |
| 18:37 | Crear | Mangudai |
| 18:38 | Crear | Mangudai |
| 18:38 | Crear | Mangudai |
| 19:10 | Construir | Outpost |
| 19:12 | Construir | Outpost |
| 19:17 | Construir | Outpost |
| 19:19 | Construir | Outpost |
| 19:22 | Crear | Villager (Male) |
| 19:26 | Construir | Farm |
| 19:44 | Crear | Villager (Male) |
| 19:59 | Crear | Mangudai |
| 20:10 | Crear | Villager (Male) |
| 20:31 | Crear | Villager (Male) |
| 20:54 | Construir | Town Center |
| 21:00 | Crear | Villager (Male) |
| 21:08 | Crear | Mangudai |
| 21:36 | Crear | Mangudai |
| 21:39 | Crear | Mangudai |
| 21:47 | Construir | Farm |
| 21:53 | Construir | House |
| 22:02 | Crear | Villager (Male) |
| 22:14 | Crear | Villager (Male) |
| 22:40 | Crear | Villager (Male) |
| 22:41 | Crear | Villager (Male) |
| 22:43 | Construir | Farm |
| 22:43 | Construir | Farm |
| 22:43 | Construir | Farm |
| 22:43 | Construir | Farm |
| 22:44 | Construir | Farm |
| 22:55 | Construir | Outpost |
| 22:57 | Construir | Outpost |
| 23:22 | Crear | Villager (Male) |
| 23:38 | Crear | Mangudai |
| 23:38 | Crear | Mangudai |
| 23:38 | Crear | Mangudai |
| 23:45 | Construir | House |
| 23:47 | Construir | House |
| 23:52 | Crear | Villager (Male) |
| 23:52 | Crear | Villager (Male) |
| 23:52 | Crear | Villager (Male) |
| 24:00 | Crear | Villager (Male) ×5 |
| 24:36 | Construir | University |
| 24:44 | Crear | Villager (Male) |
| 24:44 | Crear | Villager (Male) |
| 24:50 | Construir | Mill |
| 24:55 | Construir | House |
| 24:58 | Crear | Villager (Male) |
| 24:58 | Crear | Villager (Male) |
| 25:22 | Crear | Villager (Male) |
| 25:26 | Crear | Villager (Male) |
| 25:34 | Crear | Mangudai |
| 25:40 | Construir | House |
| 25:43 | Crear | Villager (Male) |
| 25:45 | Crear | Villager (Male) |
| 25:47 | Construir | Farm |
| 25:48 | Construir | Farm |
| 26:02 | Crear | Villager (Male) |
| 26:06 | Construir | Farm |
| 26:07 | Construir | Farm |
| 26:13 | Crear | Villager (Male) |
| 26:13 | Crear | Villager (Male) |
| 26:20 | Crear | Villager (Male) |
| 26:26 | Construir | House |
| 26:27 | Construir | House |
| 26:28 | Construir | House |
| 26:29 | Construir | House |
| 26:39 | Construir | Town Center |
| 26:43 | Crear | Mangudai |
| 26:44 | Crear | Mangudai |
| 26:57 | Crear | Villager (Male) |
| 26:58 | Crear | Villager (Male) |
| 26:58 | Crear | Villager (Male) |
| 27:14 | Crear | Villager (Male) |
| 27:15 | Crear | Mangudai |
| 27:39 | Crear | Villager (Male) |
| 27:40 | Crear | Villager (Male) |
| 27:41 | Crear | Mangudai |
| 27:41 | Crear | Mangudai |
| 27:50 | Crear | Mangudai |
| 27:50 | Crear | Mangudai |
| 28:19 | Crear | Mangudai |
Build order — Last Pick or Random
142 acciones detectadas en el replay
| 0:11 | Construir | Town Center |
| 1:10 | Construir | Dock |
| 1:20 | Construir | Palisade Wall |
| 1:25 | Construir | Palisade Wall |
| 2:06 | Construir | Palisade Wall |
| 2:12 | Construir | Palisade Wall |
| 2:16 | Construir | Palisade Wall |
| 2:20 | Construir | Palisade Wall |
| 2:22 | Construir | Palisade Wall |
| 2:32 | Crear | Villager (Male) |
| 2:32 | Crear | Villager (Male) |
| 2:33 | Crear | Villager (Male) |
| 2:40 | Construir | House |
| 3:08 | Investigar | Loom |
| 3:49 | Crear | Villager (Male) |
| 3:49 | Crear | Villager (Male) |
| 3:55 | Crear | Fishing Ship |
| 4:32 | Construir | House |
| 4:47 | Crear | Villager (Male) |
| 4:48 | Crear | Villager (Male) |
| 5:16 | Crear | Villager (Male) |
| 5:16 | Crear | Villager (Male) |
| 5:40 | Crear | Villager (Male) |
| 5:44 | Crear | Fishing Ship |
| 6:05 | Crear | Villager (Male) |
| 6:29 | Construir | House |
| 6:31 | Crear | Villager (Male) |
| 6:32 | Crear | Villager (Male) |
| 6:44 | Crear | Fishing Ship |
| 7:01 | Crear | Villager (Male) |
| 7:02 | Crear | Villager (Male) |
| 7:14 | Crear | Villager (Male) |
| 7:22 | Crear | Fishing Ship |
| 7:22 | Crear | Fishing Ship |
| 7:28 | Crear | Villager (Male) |
| 7:29 | Crear | Villager (Male) |
| 8:06 | Crear | Villager (Male) |
| 8:41 | Crear | Villager (Male) |
| 8:46 | Construir | House |
| 8:57 | Construir | House |
| 9:05 | Crear | Fishing Ship |
| 9:26 | Construir | House |
| 9:37 | Crear | Villager (Male) |
| 9:41 | Construir | Lumber Camp |
| 9:55 | Crear | Villager (Male) |
| 9:57 | Crear | Fishing Ship |
| 9:58 | Crear | Fishing Ship |
| 10:34 | Construir | Mill |
| 10:41 | Crear | Villager (Male) |
| 11:09 | Crear | Villager (Male) |
| 11:14 | Crear | Villager (Male) |
| 11:28 | Crear | Fishing Ship |
| 11:33 | Construir | House |
| 12:00 | Crear | Villager (Male) |
| 12:22 | Investigar | Feudal Age |
| 12:40 | Construir | Mining Camp |
| 13:48 | Construir | Barracks |
| 14:03 | Construir | Barracks |
| 14:09 | Construir | Palisade Wall |
| 14:18 | Construir | House |
| 14:23 | Crear | Villager (Male) |
| 14:38 | Edad | Edad Feudal |
| 14:43 | Crear | Fire Galley |
| 15:07 | Crear | Villager (Male) |
| 15:27 | Construir | House |
| 15:34 | Construir | Market |
| 15:36 | Construir | House |
| 15:37 | Construir | Palisade Wall |
| 15:37 | Construir | Palisade Wall |
| 15:41 | Crear | Villager (Male) |
| 16:20 | Crear | Villager (Male) |
| 16:43 | Crear | Fire Galley |
| 16:56 | Construir | Blacksmith |
| 16:58 | Construir | House |
| 17:00 | Construir | Palisade Wall |
| 17:01 | Construir | Palisade Wall |
| 17:03 | Crear | Villager (Male) |
| 17:14 | Investigar | Double-Bit Axe |
| 17:36 | Crear | Villager (Male) |
| 17:39 | Investigar | Castle Age |
| 17:45 | Construir | Mining Camp |
| 19:37 | Construir | House |
| 19:38 | Construir | Palisade Wall |
| 20:14 | Construir | Dock |
| 20:22 | Crear | Villager (Male) |
| 20:41 | Edad | Edad de los Castillos |
| 20:58 | Crear | Villager (Male) |
| 21:10 | Construir | Castle |
| 21:15 | Crear | Villager (Male) |
| 21:34 | Crear | Villager (Male) |
| 21:46 | Construir | House |
| 21:48 | Construir | House |
| 21:49 | Construir | Palisade Wall |
| 22:02 | Construir | House |
| 22:04 | Crear | Villager (Male) |
| 22:24 | Construir | Town Center |
| 22:55 | Crear | Villager (Male) |
| 23:17 | Construir | House |
| 23:32 | Crear | Villager (Male) |
| 23:35 | Crear | Villager (Male) |
| 23:35 | Crear | Villager (Male) |
| 23:56 | Construir | House |
| 24:01 | Crear | Villager (Male) |
| 24:04 | Crear | Villager (Male) |
| 24:21 | Construir | Farm |
| 24:22 | Construir | Farm |
| 24:24 | Construir | Farm |
| 24:26 | Construir | Farm |
| 24:29 | Investigar | Horse Collar |
| 24:34 | Investigar | Bow Saw |
| 24:38 | Construir | Farm |
| 24:42 | Construir | Farm |
| 24:43 | Crear | Villager (Male) |
| 24:43 | Crear | Villager (Male) |
| 24:48 | Construir | Palisade Wall |
| 24:49 | Construir | Palisade Wall |
| 24:50 | Crear | Villager (Male) |
| 26:08 | Construir | Dock |
| 27:54 | Construir | Mining Camp |
| 28:11 | Construir | Lumber Camp |
| 28:12 | Investigar | Imperial Age |
| 28:22 | Construir | Farm |
| 28:28 | Construir | Blacksmith |
| 28:40 | Construir | Siege Workshop |
| 28:49 | Construir | Archery Range |
| 28:56 | Investigar | Wheelbarrow |
| 28:57 | Crear | Villager (Male) |
| 29:03 | Construir | House |
| 29:07 | Construir | House |
| 29:27 | Crear | Villager (Male) |
| 29:32 | Crear | Skirmisher |
| 29:43 | Crear | Villager (Male) |
| 29:47 | Construir | Farm |
| 29:49 | Construir | Farm |
| 29:51 | Construir | Farm |
| 29:52 | Construir | Farm |
| 29:58 | Crear | Skirmisher |
| 30:27 | Construir | Farm |
| 30:41 | Investigar | Gold Mining |
| 31:06 | Crear | Skirmisher |
| 31:22 | Edad | Edad Imperial |
| 31:40 | Crear | Trebuchet (Packed) |
Cronología de la partida
| 0:52 | Fogie · first_building Dock |
| 1:02 | [AJJRR] Minillop · first_building Dock |
| 1:02 | Dr4con · first_building Dock |
| 1:10 | Last Pick or Random · first_building Dock |
| 1:11 | |AT| Gorkha · first_building Dock |
| 1:16 | Dr4con · wall_segment Palisade Wall x1 |
| 1:20 | Last Pick or Random · wall_segment Palisade Wall x1 |
| 1:25 | Last Pick or Random · wall_segment Palisade Wall x1 |
| 1:29 | Dr4con · wall_segment Palisade Wall x1 |
| 1:59 | Fogie · wall_segment Palisade Wall x2 |
| 2:02 | Dr4con · wall_segment Palisade Wall x1 |
| 2:06 | Last Pick or Random · wall_segment Palisade Wall x1 |
| 2:12 | Dr4con · wall_segment Palisade Wall x1 |
| 2:12 | Last Pick or Random · wall_segment Palisade Wall x1 |
| 2:16 | Last Pick or Random · wall_segment Palisade Wall x1 |
| 2:19 | Dr4con · wall_segment Palisade Wall x1 |
| 2:20 | Last Pick or Random · wall_segment Palisade Wall x1 |
| 2:22 | Last Pick or Random · wall_segment Palisade Wall x1 |
| 2:28 | Dr4con · wall_segment Palisade Wall x1 |
| 2:34 | Dr4con · wall_segment Palisade Wall x1 |
| 2:49 | Dr4con · wall_segment Palisade Wall x1 |
| 2:51 | Dr4con · wall_segment Palisade Wall x2 |
| 2:53 | Dr4con · wall_segment Palisade Wall x1 |
| 2:53 | Dr4con · wall_segment Palisade Wall x1 |
| 3:35 | Camagroc · first_building Dock |
| 4:00 | acua · first_building Dock |
| 4:18 | wayneidriss · first_building Dock |
| 4:44 | Dr4con · wall_segment Palisade Wall x1 |
| 4:45 | Dr4con · wall_segment Palisade Wall x1 |
| 4:46 | Dr4con · wall_segment Palisade Wall x1 |
| 4:46 | Dr4con · wall_segment Palisade Wall x1 |
| 7:29 | Dr4con · wall_segment Palisade Wall x1 |
| 7:36 | Dr4con · wall_segment Palisade Wall x1 |
| 7:45 | Dr4con · wall_segment Palisade Wall x1 |
| 12:15 | Fogie · age_up feudal |
| 12:28 | Camagroc · first_building Barracks |
| 12:31 | |AT| Gorkha · age_up feudal |
| 13:34 | Camagroc · age_up feudal |
| 13:48 | Last Pick or Random · first_building Barracks |
| 13:51 | [AJJRR] Minillop · age_up feudal |
| 14:07 | Fogie · wall_segment Palisade Wall x8 |
| 14:09 | Last Pick or Random · wall_segment Palisade Wall x3 |
| 14:12 | Camagroc · first_building Stable |
| 14:38 | Last Pick or Random · age_up feudal |
| 14:46 | Dr4con · age_up feudal |
| 14:54 | Fogie · wall_segment Palisade Wall x7 |
| 14:55 | wayneidriss · age_up feudal |
| 15:09 | wayneidriss · wall_segment Palisade Wall x1 |
| 15:23 | [AJJRR] Minillop · first_market_sell 100 stone |
| 15:37 | Last Pick or Random · wall_segment Palisade Wall x1 |
| 15:37 | Last Pick or Random · wall_segment Palisade Wall x1 |
| 15:42 | Fogie · first_market_buy 100 food |
| 15:47 | acua · age_up feudal |
| 16:12 | Fogie · first_market_sell 100 wood |
| 16:32 | Dr4con · first_market_sell 100 wood |
| 16:34 | Dr4con · first_market_buy 100 food |
| 16:52 | |AT| Gorkha · age_up castle |
| 17:00 | Last Pick or Random · wall_segment Palisade Wall x7 |
| 17:01 | Last Pick or Random · wall_segment Palisade Wall x1 |
| 17:06 | |AT| Gorkha · first_building Castle |
| 18:19 | [AJJRR] Minillop · age_up castle |
| 18:20 | wayneidriss · first_market_buy 100 wood |
| 18:34 | wayneidriss · age_up castle |
| 18:35 | [AJJRR] Minillop · first_building Barracks |
| 18:37 | Camagroc · age_up castle |
| 19:34 | [AJJRR] Minillop · first_building Castle |
| 19:38 | Last Pick or Random · wall_segment Palisade Wall x1 |
| 19:45 | Fogie · age_up castle |
| 19:56 | Fogie · first_building Castle |
| 20:14 | Dr4con · age_up castle |
| 20:31 | Dr4con · first_building Castle |
| 20:38 | wayneidriss · first_building Monastery |
| 20:41 | Last Pick or Random · age_up castle |
| 21:10 | Last Pick or Random · first_building Castle |
| 21:47 | acua · age_up castle |
| 21:47 | wayneidriss · first_building Castle |
| 21:49 | Last Pick or Random · wall_segment Palisade Wall x1 |
| 22:14 | Camagroc · first_building Monastery |
| 22:28 | [AJJRR] Minillop · first_market_buy 100 food |
| 22:54 | acua · first_market_sell 100 wood |
| 23:55 | wayneidriss · wall_segment Stone Wall x8 |
| 23:57 | |AT| Gorkha · first_market_buy 100 food |
| 24:04 | wayneidriss · wall_segment Stone Wall x2 |
| 24:48 | Last Pick or Random · wall_segment Palisade Wall x1 |
| 24:49 | Last Pick or Random · wall_segment Palisade Wall x1 |
| 26:12 | wayneidriss · wall_segment Stone Wall x18 |
| 26:16 | Last Pick or Random · first_market_sell 100 wood |
| 27:29 | wayneidriss · wall_segment Palisade Wall x1 |
| 28:40 | Last Pick or Random · first_building Siege Workshop |
| 28:49 | Last Pick or Random · first_building Archery Range |
| 29:06 | acua · first_building Monastery |
| 29:38 | [AJJRR] Minillop · first_building Monastery |
| 29:52 | acua · first_building Castle |
| 29:57 | |AT| Gorkha · wall_segment Stone Wall x20 |
| 30:25 | Fogie · age_up imperial |
| 30:54 | [AJJRR] Minillop · first_building Stable |
| 31:22 | Last Pick or Random · age_up imperial |
| 31:50 | wayneidriss · first_building Barracks |
| 32:05 | Last Pick or Random · resign |
| 32:17 | Camagroc · first_building Castle |
| 32:27 | wayneidriss · first_building Stable |
| 32:36 | wayneidriss · age_up imperial |
| 32:58 | Fogie · first_building Barracks |
| 33:01 | acua · age_up imperial |
| 33:50 | Fogie · first_building Archery Range |
| 34:31 | acua · first_market_buy 100 food |
| 35:16 | |AT| Gorkha · wall_segment Stone Wall x9 |
| 35:24 | Fogie · first_building Siege Workshop |
| 36:12 | wayneidriss · first_market_sell 100 food |
| 37:09 | [AJJRR] Minillop · age_up imperial |
| 38:29 | acua · first_building Siege Workshop |
| 38:41 | acua · first_building Barracks |
| 39:45 | |AT| Gorkha · first_building Barracks |
| 40:29 | |AT| Gorkha · first_building Stable |
| 40:33 | Dr4con · first_building Barracks |
| 41:29 | Dr4con · first_building Stable |
| 42:53 | Dr4con · age_up imperial |
| 44:19 | |AT| Gorkha · first_market_sell 100 wood |
| 48:01 | |AT| Gorkha · age_up imperial |
| 51:57 | |AT| Gorkha · first_building Siege Workshop |
| 52:19 | Camagroc · age_up imperial |
| 53:12 | Camagroc · first_building Archery Range |
[ ANÁLISIS IA · 1 CRÉDITO ]
¿Qué pasó realmente en esta partida?
Wolo.gg analiza cada decisión: build order, eco, micro, errores típicos por bracket. Análisis personalizado por WhatsApp o Discord en 30 segundos.
Guía civ
Georgianos
Perfil
[AJJRR] Minillop